 Dungeon Crawl Stone Soup version 0.30-a0-1066-g63dfefce0d (webtiles) character file.

Game seed: 7245791350281590409

28 Newt the Shooter (level 3, 0/24 HPs)
             Began as a Kobold Hunter on Apr 12, 2023.
             Killed from afar by Natasha (6 damage)
             ... with a magic dart
             ... on level 2 of the Dungeon.
             The game lasted 00:00:47 (732 turns).

Newt the Shooter (Kobold Hunter)                     Turns: 732, Time: 00:00:47

Health: 0/24       AC:  3    Str:  8    XL:     3   Next: 30%
Magic:  3/3        EV: 14    Int: 10    God:
Gold:   28         SH:  0    Dex: 20    Spells: 2/2 levels left

rFire   . . .      SeeInvis .    l - +0 sling (freeze)
rCold   . . .      Faith    .    (no shield)
rNeg    . . .      Spirit   .    c - +0 leather armour
rPois   .          Reflect  .    (no helmet)
rElec   .          Rampage  .    (no cloak)
rCorr   .                        (no gloves)
Will    .....                    (no boots)
Stlth   +++                      (no amulet)
HPRegen 0.24/turn                (no ring)
MPRegen 0.08/turn                (no ring)

@: no status effects
A: small, no large weapons, nightstalker 3
a: no special abilities


You were on level 2 of the Dungeon.
You visited 1 branch of the dungeon, and saw 2 of its levels.

You collected 79 gold pieces.
You spent 51 gold pieces at shops.

Inventory:

Hand Weapons
 a - a +0 shortbow
 l - a +0 sling of freezing (weapon)
Armour
 c - a +0 leather armour (worn)
Scrolls
 b - a scroll of immolation
 e - a scroll of vulnerability {unknown}
 f - a scroll of magic mapping {unknown}
 h - 3 scrolls of teleportation {unknown}
Potions
 d - 3 potions of curing
 j - a potion of haste
 k - a potion of cancellation
 m - a potion of flight


   Skills:
 + Level 3.9 Fighting
 - Level 5.3 Ranged Weapons
 - Level 2.4 Dodging
 - Level 1.3 Stealth


You had 2 spell levels left.
You didn't know any spells.
Your spell library was empty.

Dungeon Overview and Level Annotations

Branches:
Dungeon (2/15)

Altars:

Shops:
D:1 (

Annotations:
D:2 Natasha


Innate Abilities, Weirdness & Mutations

You are small and have problems with some larger weapons.
You are completely attuned to the shadows.


Message History

No target in view!
You now have 28 gold pieces (gained 3).
Found a stone staircase leading up.
There is a stone staircase leading up here.
Natasha, Servant of Life and Death comes into view.
She is carrying a wand of flame (14).
Okay, then.
You shoot a sling bullet. The sling bullet hits Natasha.
The sling bullet freezes Natasha.
Natasha is moderately wounded.
You shoot a sling bullet. The sling bullet hits Natasha.
The sling bullet freezes Natasha.
Natasha is heavily wounded.
Natasha zaps a wand.
The puff of flame misses you.
You shoot a sling bullet. The sling bullet hits Natasha.
The sling bullet freezes Natasha.
Natasha is almost dead.
Natasha zaps a wand.
The puff of flame hits you!
You shoot a sling bullet. The sling bullet barely misses Natasha.
Natasha zaps a wand.
The puff of flame misses you.
You shoot a sling bullet.
The sling bullet hits Natasha but does no damage.
Natasha is almost dead.
Your hearing returns.
You shoot a sling bullet. The sling bullet barely misses Natasha.
Natasha zaps a wand.
The puff of flame hits you. Natasha claws you but does no damage.
You shoot a sling bullet.
The sling bullet hits Natasha but does no damage.
Natasha is almost dead.
Natasha casts a spell at you. The magic dart hits you!
* * * LOW HITPOINT WARNING * * *
You are too injured to fight recklessly!
Unknown command.
You shoot a sling bullet.
The sling bullet hits Natasha but does no damage.
Natasha is almost dead.
Natasha casts a spell at you. The magic dart hits you.
You die...

#<..........
#....>....# ..
#........####..
#.........#...
#.........#.#
#########...# .
#.....# ..
#.###.###.# #.
#<.@h.# #
####.... .##.
.# ..


You could see Natasha.

Vanquished Creatures
  3 ball pythons (D:1)
  3 endoplasms
  3 giant cockroaches (D:1)
  4 goblins (D:1)
  2 hobgoblins (D:1)
  4 kobolds (D:1)
  A quokka (D:1)
  A bat (D:1)
  2 frilled lizards (D:1)
  A rat (D:1)
24 creatures vanquished.

Notes
Turn   | Place    | Note
-------+----------+-------------------------------------------
     0 | D:1      | Newt the Kobold Hunter began the quest for the Orb.
     0 | D:1      | Reached XP level 1. HP: 12/12 MP: 1/1
   136 | D:1      | Reached XP level 2. HP: 16/18 MP: 2/2
   301 | D:1      | Found Radaefut's Weapon Emporium.
   307 | D:1      | Bought a +0 sling of freezing for 51 gold pieces
   398 | D:1      | Reached XP level 3. HP: 23/23 MP: 3/3
   434 | D:1      | Found a faded altar of an unknown god.
   724 | D:2      | Noticed Natasha
   732 | D:2      | Killed from afar by Natasha

Illustrated notes

Levels and vault maps discovered:
D:1:      minmay_arrival_five_plusses, layout_loops_ring,
          hellmonk_ecumenical_altar_arch_garden, serial_shops,
          nicolae_shop_bloodbath_and_beyond, nicolae_figureground_sparkle
D:2:      layout_rooms, uniq_natasha

Skill      XL: |  1  2 |
---------------+-------+-----
Fighting       | 3 |  3.9
Ranged Weapons | |  5.3
Dodging        | |  2.4
Stealth        | |  1.3

Action                     || total
---------------------------++-------
   Fire: Shortbow          ||    36
         Sling             ||    25
    Use: Scroll            ||     4
         Potion            ||     1
 Armour: Leather armour    ||     4
  Dodge: Dodged            ||    23

Table legend: (Time is in decaauts)
 A = Elapsed time spent in this place.
 B = Non-inter-level travel time spent in this place.
 C = Inter-level travel time spent in this place.
 D = Time resting spent in this place.
 E = Time spent auto-exploring this place.
 F = Levels seen in this place.
 G = Mean time per level.
                   A        B        C        D        E       F      G
               +--------+--------+--------+--------+--------+-----+--------+
         Total |    746 |    743 |      3 |      0 |    623 |   2 |  373.0 |
       Dungeon |    746 |    743 |      3 |      0 |    623 |   2 |  373.0 |
               +--------+--------+--------+--------+--------+-----+--------+

Top non-repeatable levels by time:
     D:1: 707 daAuts
     D:2: 38 daAuts
